[Event "*** Titled Tuesday Blitz"]
[Site "Chess.com"]
[Date "2020.05.26"]
[Round "1"]
[White "aakankshachess"]
[Black "algatar2020"]
[Result "1-0"]
[WhiteElo "2462"]
[BlackElo "1706"]
[TimeControl "180+1"]
[EndTime "10:07:34 PDT"]
[Termination "aakankshachess won by resignation"]

1. e4 d6 2. d4 Nf6 3. Nc3 Nbd7 4.
Be3 e5 5. dxe5 dxe5 6. h3 c6 7. Nf3 Be7 8. Bc4 O-O 9. O-O Qc7 10. Re1 b5 11. Bb3 b4 12. Ne2 Nxe4 13. c3 bxc3 14. bxc3 Nec5 15. Bc2 f5 16. Bg5 Nf6 17. Ng3 e4 18.
Nd4 h6 19. Bxf6 Bxf6 20. Nh5 Be5 21. Qe2 g6 22. Qc4+ Qf7 23. Qxc5 Bxd4 24. cxd4 gxh5 25.
Qxc6 Be6 26. Qa4 Kh8 27. Red1 Rad8 28. Bb3 Bd5 29. Rac1 Rg8 30. Bxd5 Rxd5 31. Qc6 Rg6 32. Qa8+ Kh7 33. Qc8 Qg7 34. Rc7 Rxg2+ 35. Kh1 f4 36. Rxg7+ Rxg7 37. Qe6 Rdg5 38. Qxe4+ Kh8 39. d5 f3 40. d6 h4 41. d7 Rg8 42. d8=Q Rg1+ 43. Rxg1 Rxd8 44. Qe5+ 1-0

[Event "*** Titled Tuesday Blitz"]
[Site "Chess.com"]
[Date "2020.05.26"]
[Round "1"]
[White "Makswolf200817"]
[Black "Grandelicious"]
[Result "0-1"]
[WhiteElo "2403"]
[BlackElo "2795"]
[TimeControl "180+1"]
[EndTime "10:07:35 PDT"]
[Termination "Grandelicious won by resignation"]

1. Nf3 c5 2. c4 Nc6 3. g3 g6 4.
Bg2 Bg7 5. O-O e5 6. Nc3 Nge7 7. d3 d6 8. Rb1 O-O 9. a3 a5 10. e3 Be6 11. Ng5 Bd7 12. Nge4 Bf5 13. Nb5 Nc8 14. Bd2 Be6 15. Nec3 N8e7 16. Nd5 h5 17. h4 Bg4 18. Qc2 Nxd5 19. Bxd5 Qd7 20. Nc3 Kh8 21. Kh2 Be6 22. Bg2 Ne7 23. Nd5 Nxd5 24. cxd5 Bf5 25. e4 Bg4 26. f3 a4 27. fxg4 Qxg4 28. Qd1 Qd7 29. Bh3 Qb5 30. Qc2 Ra6 31. Qc4 Qe8 32. Rf2 Rb6 33.
Ba5 Rb3 34. Bc3 b5 35. Qxb3 axb3 36. Rbf1 Bh6 37. Rf6 Qe7 38. R1f2 Be3 39. Rf1 Kg7 40. R6f3 Bd4 41. Bxd4 exd4 42. Kg2 c4 43. Rc1 c3 44.
bxc3 b2 45. Rb1 dxc3 46. Rf2 Ra8 0-1

[Event "*** Titled Tuesday Blitz"]
[Site "Chess.com"]
[Date "2020.05.26"]
[Round "1"]
[White "northridgehawk"]
[Black "Artem_Sadovsky"]
[Result "1-0"]
[WhiteElo "2186"]
[BlackElo "2512"]
[TimeControl "180+1"]
[EndTime "10:07:35 PDT"]
[Termination "northridgehawk won on time"]

1. e4 g6 2. d4 Bg7 3. Be3 d6 4. Nc3 a6 5. h3 b5 6. f4 Bb7 7. Bd3 Nf6 8. a3 O-O 9. Nf3 a5 10. e5 Nd5 11. Nxd5 Bxd5 12. Bxb5 c6 13. Bd3 dxe5 14. dxe5 Na6 15. O-O Nc7 16. c4 Be6 17. Qc2 a4 18. Rad1 Qb8 19. Nd4 Qb7 20. Nxe6 Nxe6 21.
Be4 Rfb8 22. Rf2 Ra6 23. Rfd2 Qb3 24. Qxb3 Rxb3 25. Kf2 f6 26. exf6 Bxf6 27. g4 Bxb2 28. f5 Nf8 29. Rd8 Bg7 30. Re8 c5 31. Rdd8 gxf5 32.
gxf5 Kf7 33. Bd5+ Kf6 34. Rxf8+ Bxf8 35. Rxf8+ Ke5 36. Bxc5 Rh6 37. Bxe7 Rhxh3 38. Bb4 Rh2+ 39. Kg1 Ra2 40. Re8+ Kf4 41. Re1 Kg3 42. Rf1 1-0

[Event "*** Titled Tuesday Blitz"]
[Site "Chess.com"]
[Date "2020.05.26"]
[Round "1"]
[White "SiddharthGMJagadeesh"]
[Black "Chepaschess"]
[Result "0-1"]
[WhiteElo "2405"]
[BlackElo "2810"]
[TimeControl "180+1"]
[EndTime "10:07:36 PDT"]
[Termination "Chepaschess won on time"]

1. d4 Nf6 2. Nf3 g6 3. g3 Bg7 4.
Bg2 O-O 5. O-O d5 6. Be3 Bf5 7. Qc1 c6 8. h3 Nbd7 9. g4 Be4 10.
Nbd2 Re8 11. Nxe4 Nxe4 12. Rd1 Qc7 13. c4 dxc4 14. Qxc4 Nb6 15. Qc2 Nf6 16. Bd2 Nbd5 17. e4 Nf4 18. Bxf4 Qxf4 19. Ne5 Rad8 20. Nd3 Qc7 21. Nc5 e5 22. dxe5 Rxd1+ 23. Rxd1 Rxe5 24. f4 Re8 25. e5 Nd5 26. Bxd5 cxd5 27. Qc3 b6 28. Nb3 Qxc3 29. bxc3 g5 30. fxg5 Rxe5 31.
Nd4 Rxg5 32. Nf5 h5 33. Rxd5 Kh7 34. Kh2 hxg4 35. h4 g3+ 36. Kg2 Rg4 37. Nxg3 Bxc3 38. Kh3 Ra4 39. Rd7 Kg7 40. Nf5+ Kf6 41. Ne3 Ke6 42. Rd3 Bd4 0-1

[Event "*** Titled Tuesday Blitz"]
[Site "Chess.com"]
[Date "2020.05.26"]
[Round "1"]
[White "TudorAnton"]
[Black "MrTattaglia"]
[Result "0-1"]
[WhiteElo "2451"]
[BlackElo "2996"]
[TimeControl "180+1"]
[EndTime "10:07:37 PDT"]
[Termination "MrTattaglia won by resignation"]

1. d4 Nf6 2. c4 e6 3. Nf3 b6 4.
Bg5 Bb7 5. Nc3 Be7 6. e3 h6 7.
Bh4 c5 8. Be2 O-O 9. O-O cxd4 10. Nxd4 Nc6 11. Bf3 Qc8 12. Rc1 Ne5 13. Bxb7 Qxb7 14.
b3 Rac8 15. Bg3 Ng6 16. Qf3 Qxf3 17. Nxf3 a6 18. Rfd1 d5 19. cxd5 Ba3 20. dxe6 Bxc1 21. exf7+ Kxf7 22. Rxc1 Nd5 23. Ne2 Rxc1+ 24. Nxc1 Rc8 25.
Nd3 Rc2 26. a4 Nb4 27. Nde1 Rb2 28. Kf1 Rxb3 29. Nd4 Rb2 30. h4 Ne7 31. Be5 Rb1 32. Bd6 Nd3 33. Nc2 Nf5 34. Bc7 Nxh4 35. Ke2 Nxe1 36.
Nxe1 Rb2+ 37. Kd3 g5 38. g3 Ng6 39. g4 Rxf2 40. Bxb6 Ra2 41. a5 Ne5+ 42. Ke4 Nxg4 43. Kf5 Nxe3+ 44. Bxe3 Re2 45. Bxg5 hxg5 46. Nd3 Ra2 47.
Kxg5 Rxa5+ 48. Kf4 Ke6 49. Ke4 Ra4+ 50. Ke3 Kd5 51. Kd2 Kd4 52. Nb2 Rb4 53. Kc2 a5 54. Kb1 Kc3 55. Ka1 Kc2 0-1

[Event "*** Titled Tuesday Blitz"]
[Site "Chess.com"]
[Date "2020.05.26"]
[Round "1"]
[White "Goryachkina"]
[Black "Enriquack"]
[Result "1/2-1/2"]
[WhiteElo "2631"]
[BlackElo "2316"]
[TimeControl "180+1"]
[EndTime "10:07:37 PDT"]
[Termination "Game drawn by repetition"]

1. e4 c5 2. Nf3 e6 3. c3 d5 4. exd5 Qxd5 5. d4 Nf6 6. Na3 Nc6 7. Nb5 Qd8 8. Be3 a6 9. Na3 cxd4 10. Nxd4 Nxd4 11. Bxd4 Bxa3 12. Qa4+ Bd7 13. Qxa3 Qc7 14. Be2 Bc6 15. O-O h5 16. f4 Rd8 17. Bf3 h4 18. Bxc6+ Qxc6 19. h3 Rd5 20. Rad1 Rhh5 21. Qb3 Rhf5 22.
Bxf6 gxf6 23. Qb4 Rb5 24. Qd4 Rbd5 25. Qe3 Rxd1 26. Rxd1 Rd5 27. Rxd5 Qxd5 28. Qf2 Qxa2 29. Qxh4 Ke7 30. Qf2 Qb1+ 31. Kh2 Qe4 32. g3 Qd5 33. h4 b5 34. Qe2 Kf8 35. b4 f5 36.
Qe3 Kg7 37. Qd4+ Qxd4 38. cxd4 Kg6 39. Kg2 f6 40. Kf3 Kh6 41. Kf2 Kh5 42. Kf3 Kh6 43. Kf2 Kh5 44. Kf3 Kh6 1/2-1/2

[Event "*** Titled Tuesday Blitz"]
[Site "Chess.com"]
[Date "2020.05.26"]
[Round "1"]
[White "Gandrade2"]
[Black "Love_craft"]
[Result "0-1"]
[WhiteElo "2018"]
[BlackElo "2483"]
[TimeControl "180+1"]
[EndTime "10:07:37 PDT"]
[Termination "Love_craft won by resignation"]

1. d4 Nf6 2. c4 g6 3. Nc3 Bg7 4. e4 d6 5. h3 Nbd7 6. Nf3 e5 7.
d5 O-O 8. Be3 Nc5 9. Nd2 a5 10.
Be2 Nfd7 11. g4 c6 12. h4 h6 13. h5 g5 14. O-O Nf6 15. f3 cxd5 16. cxd5 Ne8 17. Nc4 Rb8 18. a4 Nc7 19. Nxa5 Bd7 20. b4 N5a6 21. Qb3 b5 22. Nxb5 Nxb5 23. axb5 Bxb5 24.
Nc6 Bxc6 25. Bxa6 Bd7 26. Rfc1 Qe8 27. Rc3 f5 28. exf5 e4 29. Rf1 Bxc3 30. Qxc3 exf3 31. Rxf3 Qe4 32. Bc1 Qxg4+ 33. Rg3 Qxb4 34. Bd2 Qb6+ 35. Kh2 Qxa6 36. Qe3 Qb6 37. Qf3 Bxf5 38. Qxf5 Rxf5 0-1

[Event "*** Titled Tuesday Blitz"]
[Site "Chess.com"]
[Date "2020.05.26"]
[Round "1"]
[White "elisak43"]
[Black "maciek_92"]
[Result "0-1"]
[WhiteElo "2406"]
[BlackElo "2813"]
[TimeControl "180+1"]
[EndTime "10:07:38 PDT"]
[Termination "maciek_92 won on time"]

1. e4 c5 2. g3 Nc6 3. Bg2 g6 4. c3 Nf6 5. Ne2 d5 6. exd5 Nxd5 7. O-O Bg7 8. d4 cxd4 9. cxd4 Bg4 10. Nbc3 Nxc3 11.
bxc3 O-O 12. Rb1 Na5 13. h3 Bf5 14. Rb4 Rc8 15. g4 Bd7 16. Bf4 b6 17. Qd2 Nc4 18. Qd3 b5 19. a4 a5 20. Rxb5 Bxb5 21. axb5 e5 22. Be3 exd4 23. Bxd4 Re8 24. Bc6 Ne5 25.
Qc2 Nxc6 26. bxc6 Rxc6 27. Qa4 Rd6 28. Bxg7 Kxg7 29. Nd4 Re5 30. Qc4 Qh4 31. Kg2 Red5 32. Qc7 Qd8 33. Qb7 Qd7 34. Qb2 Rc5 35. Nf3 Qc6 36. c4+ Kg8 37. Re1 Rf6 38. Qc3 Rxc4 39. Qe3 Rcf4 40. g5 Rxf3 41. Qe8+ Kg7 42. gxf6+ Rxf6+ 0-1

[Event "*** Titled Tuesday Blitz"]
[Site "Chess.com"]
[Date "2020.05.26"]
[Round "1"]
[White "Djager97"]
[Black "Azeryahu"]
[Result "0-1"]
[WhiteElo "2390"]
[BlackElo "2763"]
[TimeControl "180+1"]
[EndTime "10:07:38 PDT"]
[Termination "Azeryahu won by resignation"]

1. e4 c6 2. d4 d5 3. Nc3 dxe4 4. Nxe4 Bf5 5. Ng3 Bg6 6. Nf3 Nf6 7. h4 Nh5 8. Ne5 Nxg3 9. fxg3 Nd7 10. Nxg6 hxg6 11.
Bc4 e6 12. Qf3 Nb6 13. Bb3 Qxd4 14. Be3 Qf6 15. Qxf6 gxf6 16. O-O f5 17. Rad1 Bg7 18. c3 Rd8 19. a4 Rxd1 20. Rxd1 Nc8 21. a5 a6 22. Bc5 Bf8 23. Bd4 Rg8 24. Bc2 Bd6 25.
Kf2 Ke7 26. Be3 Be5 27. Bc5+ Nd6 28. b4 Rd8 29. Kf3 Bxc3 30. g4 fxg4+ 31. Kxg4 Be5 32. Kf3 Ke8 33. g4 Nc8 34. Rxd8+ Kxd8 35. h5 gxh5 36. gxh5 Ke8 37. h6 f5 38. Bb3 Kf7 39. h7 Ne7 40.
Be3 Nd5 41. Bh6 Kg6 42. Bf4 Nxf4 0-1

[Event "*** Titled Tuesday Blitz"]
[Site "Chess.com"]
[Date "2020.05.26"]
[Round "1"]
[White "AradNazari"]
[Black "Grischuk"]
[Result "1/2-1/2"]
[WhiteElo "2463"]
[BlackElo "3093"]
[TimeControl "180+1"]
[EndTime "10:07:40 PDT"]
[Termination "Game drawn by repetition"]

1. e4 c5 2. Nf3 d6 3. Bb5+ Nd7 4. d4 cxd4 5. Qxd4 a6 6. Bxd7+ Bxd7 7. c4 e5 8. Qd3 b5 9. Nfd2 Nf6 10. Nc3 Qb8 11.
O-O Be7 12. b3 O-O 13. Bb2 Rc8 14. Rfd1 Qb7 15. Rac1 h6 16. Nd5 Nxd5 17. cxd5 a5 18. Rxc8+ Rxc8 19. Rc1 Rxc1+ 20. Bxc1 f5 21. Bb2 fxe4 22.
Nxe4 Be8 23. Nc3 b4 24. Nd1 Bf7 25. Ne3 Bg5 26. Nf5 Qc7 27. h4 Bf6 28. Qc4 Qd7 29.
Ne3 Be8 30. a3 Qb7 31. axb4 axb4 32. Bc1 Qa7 33. Qxb4 Qa1 34. Qa3 Qb1 35. g3 Bb5 36. Qb2 Qe4 37. Bd2 Qf3 38. Qc3 Bd7 39. Qc2 Bh3 40. Qd1 Qe4 41. Qc2 Qf3 42. Qd1 Qe4 43. Kh2 Bd7 44. Qe2 Qd4 45. Ba5 Qe4 46. Bc7 Be7 47. Qc2 Qf3 48. Kg1 Bh3 49. Qd1 Qe4 50. Qc2 Qf3 51. Qd1 Qe4 52. Qc2 Qf3 1/2-1/2

[Event "*** Titled Tuesday Blitz"]
[Site "Chess.com"]
[Date "2020.05.26"]
[Round "1"]
[White "rynos0411"]
[Black "Nikolakis2014"]
[Result "1-0"]
[WhiteElo "2344"]
[BlackElo "2677"]
[TimeControl "180+1"]
[EndTime "10:07:40 PDT"]
[Termination "rynos0411 won by resignation"]

1. d4 Nf6 2. c4 e6 3. Nf3 c5 4. d5 d6 5. Nc3 exd5 6. cxd5 g6 7. Bf4 Bg7 8. Qa4+ Bd7 9. Qb3 b5 10. Bxd6 Qb6 11. Be5 O-O 12. e3 c4 13. Qc2 b4 14.
Nd1 c3 15. bxc3 bxc3 16. Bc4 Rc8 17. Bb3 Bf5 18. Qc1 c2 19. Nb2 Nbd7 20. O-O Nxe5 21.
Nxe5 Ne4 22. Nec4 Bxb2 23. Nxb6 Bxc1 24. Nxc8 Bb2 25. Ne7+ Kf8 26. Nxf5 Bxa1 27. Rxa1 gxf5 28. Bxc2 Rc8 29. Bb3 Ke7 30. f3 Nd6 31. Kf2 Rc3 32. Ke2 a5 33. Kd2 Rc5 34. Rc1 Rb5 35. Rc7+ Ke8 36.
Ba4 Kd8 37. Bxb5 Kxc7 38. Bd3 Kb6 39. Kc3 Kc5 40. e4 fxe4 41. fxe4 f6 42. g4 h6 43.
h4 Nf7 44. Be2 Ne5 45. Bd1 Ng6 46. h5 Ne5 47. Kd2 Kd4 48. Bc2 Kc5 49. Ke3 Nxg4+ 50. Kf4 Ne5 51. Kf5 Kd6 52. Kxf6 Nc4 53. Kg7 Ke5 54.
Kxh6 Nd6 55. Kg7 Ne8+ 56. Kg6 Nf6 57. h6 Nd7 58. h7 Nf8+ 59. Kg7 Nxh7 60. Kxh7 Kd4 61.
Kg6 a4 62. d6 a3 63. d7 Kc3 64. d8=Q Kxc2 65. Qa5 Kb2 66. e5 Kxa2 67. e6 Kb3 68. e7 a2 69. e8=Q Kb2 70. Qeb5+ 1-0

[Event "*** Titled Tuesday Blitz"]
[Site "Chess.com"]
[Date "2020.05.26"]
[Round "1"]
[White "GMJustin"]
[Black "kleinebeer98"]
[Result "0-1"]
[WhiteElo "2306"]
[BlackElo "2663"]
[TimeControl "180+1"]
[EndTime "10:07:40 PDT"]
[Termination "kleinebeer98 won on time"]

1. d4 d5 2. c4 Nc6 3. Nc3 Nf6 4. cxd5 Nxd5 5. Nf3 Bf5 6. Qb3 e6 7. e4 Nxc3 8. exf5 Nd5 9. fxe6 Bb4+ 10. Bd2 O-O 11.
exf7+ Kh8 12. Bxb4 Ndxb4 13. Bc4 Qe7+ 14. Kf1 Na5 15.
Qc3 Nxc4 16. Qxc4 a5 17. Re1 Qxf7 18. Qxf7 Rxf7 19. a3 Nd3 20. Ne5 Rxf2+ 21. Kg1 Rd2 22. Nxd3 Rxd3 23. h4 Rxd4 24. Re7 Rc4 25. Rh3 Rg8 26. Rd3 b5 27. Rdd7 c5 28. h5 Rh4 29.
Rb7 b4 30. axb4 axb4 31. Rec7 Rxh5 32. Rb5 h6 33. Rcxc5 Rxc5 34. Rxc5 Rb8 35. Rc4 Kh7 36. Kh2 g5 37. b3 Kg6 38. g4 Kf6 39. Kg3 Ke5 40. Rc6 Kd4 41. Rxh6 Kc3 0-1

[Event "*** Titled Tuesday Blitz"]
[Site "Chess.com"]
[Date "2020.05.26"]
[Round "1"]
[White "BabyFacedAssasin"]
[Black "kingmonkey2006"]
[Result "0-1"]
[WhiteElo "2237"]
[BlackElo "2584"]
[TimeControl "180+1"]
[EndTime "10:07:40 PDT"]
[Termination "kingmonkey2006 won by resignation"]

1. e4 c5 2. Nf3 d6 3. d4 cxd4 4. Nxd4 Nf6 5. Nc3 a6 6. h3 e5 7.
Nde2 h5 8. Bg5 Be6 9. Bxf6 Qxf6 10. Nd5 Qd8 11. Nec3 Nd7 12. Bc4 g6 13. Bb3 Bh6 14. O-O O-O 15. Qe2 b5 16. Rad1 Nc5 17. f4 b4 18. f5 bxc3 19. fxe6 Nxe6 20. Nxc3 Nd4 21.
Qd3 a5 22. Nd5 a4 23. Bc4 Rc8 24. c3 Ne6 25. Bb5 Bf4 26. Bxa4 Nc5 27. Qc2 Bg3 28.
Bb3 Qg5 29. Rf3 Kg7 30. Qe2 h4 31. Rdf1 Rb8 32. Qd1 Nxe4 33. Bc2 Nd2 34. b4 Nxf1 35. Qxf1 f5 36. Qa6 Qc1+ 37. Rf1 Qxc2 38. Qa7+ Kh6 39. Qe7 Qd2 40. Nf6 Rxf6 41. Qxf6 Qe3+ 42. Kh1 Qg5 43. Qxd6 Re8 44. b5 e4 45. b6 Bxd6 0-1

[Event "*** Titled Tuesday Blitz"]
[Site "Chess.com"]
[Date "2020.05.26"]
[Round "1"]
[White "crossingthestreet"]
[Black "Firegrizzly"]
[Result "1-0"]
[WhiteElo "2241"]
[BlackElo "2557"]
[TimeControl "180+1"]
[EndTime "10:07:40 PDT"]
[Termination "crossingthestreet won by resignation"]

1. c4 e5 2. Nc3 Bb4 3. Qc2 Nc6 4.
e3 Nf6 5. Nf3 O-O 6. Nd5 h6 7.
Nxb4 Nxb4 8. Qc3 a5 9. Nxe5 Re8 10. d4 c5 11. Nf3 cxd4 12. Nxd4 d5 13. Be2 Ne4 14. Qb3 Nc5 15. Qd1 dxc4 16. Bxc4 b5 17. Bxb5 Ba6 18. O-O Bxb5 19. Nxb5 Qb6 20. Nd4 Nbd3 21.
Qc2 Reb8 22. Rd1 Nb4 23. Qe2 a4 24. a3 Nc6 25. Nxc6 Qxc6 26. Qc4 Qb6 27. Bd2 Nb3 28.
Rab1 Rc8 29. Qg4 Rc2 30. Bc3 Qg6 31. Qxg6 fxg6 32. Rd7 g5 33. Rxg7+ Kf8 34. Rh7 Ra6 35. Rd1 Ke8 36. Bb4 Re6 37. h4 gxh4 38. Rdd7 Rc1+ 39. Kh2 Rc2 40. Ra7 Re7 41. Rhxe7+ Kd8 42. Ra8+ Rc8 43. Rxc8+ Kxc8 44. Rh7 Nc1 45. Rxh6 Nd3 46. Rxh4 Nxf2 47. Rh8+ Kd7 48. Kg3 Kc6 49. Kf4 Nd3+ 50.
Ke4 Nxb2 51. Kd4 Kb5 52. Rb8+ Ka6 53. Ra8+ Kb7 54. Rxa4 Nd1 55. Ra5 Nf2 56. e4 Kc6 57. e5 Ng4 58. Ra6+ Kb7 59. Rg6 Nf2 60. e6 Kc7 61. e7 Kd7 62. Rg8 Kc6 63. e8=Q+ Kb6 64.
Qb8+ 1-0

[Event "*** Titled Tuesday Blitz"]
[Site "Chess.com"]
[Date "2020.05.26"]
[Round "1"]
[White "lili_ani"]
[Black "Shivagami"]
[Result "1-0"]
[WhiteElo "2552"]
[BlackElo "2204"]
[TimeControl "180+1"]
[EndTime "10:07:40 PDT"]
[Termination "lili_ani won on time"]

1. e4 e5 2. Nf3 Nc6 3. Bc4 Nf6 4.
d3 Be7 5. O-O O-O 6. Nc3 d6 7.
h3 Na5 8. Be3 c6 9. a3 Nxc4 10.
dxc4 Be6 11. Qe2 Qc7 12. Rfd1 Rad8 13. b3 a6 14. a4 d5 15. exd5 cxd5 16. cxd5 Nxd5 17.
Nxd5 Bxd5 18. c4 Bc6 19. a5 Rxd1+ 20. Qxd1 Rd8 21. Qe2 e4 22. Nd4 Bf6 23. Nxc6 Qxc6 24. Rd1 g6 25. Bb6 Rxd1+ 26. Qxd1 Kg7 27. Qe2 Qe6 28.
b4 Qe5 29. b5 axb5 30. cxb5 Qa1+ 31. Kh2 Be5+ 32. g3 f5 33. a6 bxa6 34. bxa6 f4 35. a7 fxg3+ 36. fxg3 Qa3 37. Bf2 h5 38. Kg2 h4 39.
gxh4 Qa4 40. Qg4 Bf6 41. h5 g5 42. Qe6 e3 43. Qxe3 Qd7 44. Qf3 1-0

[Event "*** Titled Tuesday Blitz"]
[Site "Chess.com"]
[Date "2020.05.26"]
[Round "1"]
[White "MoonlighT89"]
[Black "CMS13"]
[Result "1-0"]
[WhiteElo "2542"]
[BlackElo "2191"]
[TimeControl "180+1"]
[EndTime "10:07:41 PDT"]
[Termination "MoonlighT89 won by resignation"]

1. e4 e5 2. Nf3 Nc6 3. Bc4 Nf6 4. d3 Be7 5. O-O O-O 6. Re1 d6 7. c3 Kh8 8. d4 Nxe4 9. Rxe4 d5 10. Re1 dxc4 11. d5 e4 12. dxc6 Qxd1 13. Rxd1 exf3 14. gxf3 bxc6 15. Nd2 Be6 16. Ne4 Rfd8 17. Bf4 Rab8 18. Bxc7 Rxd1+ 19. Rxd1 Rxb2 20. Bd8 Bf8 21. Ba5 g6 22.
Rd8 Kg7 23. Bc7 Be7 24. Be5+ f6 25. Re8 Kf7 26. Rh8 fxe5 27. Rxh7+ Ke8 28. Rh8+ Kd7 29. Kg2 Bd5 30. Ra8 Bxe4 31. Rxa7+ Ke6 32. fxe4 Bc5 33.
Rg7 Rxf2+ 34. Kg3 Kf6 35. Rc7 Bd6 36. Rxc6 Rd2 37. Rxc4 Rd3+ 38. Kg4 Rd2 39. a4 Rxh2 40.
Rc6 Rd2 41. c4 Ke6 42. c5 Kd7 43. Rxd6+ Rxd6 44. cxd6 Kxd6 45. Kg5 Kc5 46. Kxg6 Kd4 47. Kf5 Kc5 48. Kxe5 Kb4 49. Kd6 Kxa4 50. e5 Kb5 51. e6 Kc4 52. e7 Kd4 53. e8=Q 1-0

[Event "*** Titled Tuesday Blitz"]
[Site "Chess.com"]
[Date "2020.05.26"]
[Round "1"]
[White "Bastiandash"]
[Black "Machidon"]
[Result "0-1"]
[WhiteElo "2132"]
[BlackElo "2509"]
[TimeControl "180+1"]
[EndTime "10:07:41 PDT"]
[Termination "Machidon won on time"]

1. d4 Nf6 2. Nf3 g6 3. g3 Bg7 4. Bg2 O-O 5. O-O c5 6. dxc5 Na6 7. c4 Nxc5 8. Nc3 d6 9. Re1 Be6 10. Nd2 Qd7 11. b3 Nfe4 12. Ndxe4 Nxe4 13. Bxe4 Bxc3 14.
Bh6 Rfd8 15. Qc2 Bxa1 16. Rxa1 d5 17. Rd1 Qc6 18. Bg2 f6 19. h4 Qc7 20. Bf4 Qc8 21. c5 Bf7 22. b4 e5 23. Bc1 Rd7 24. Bh3 f5 25. g4 Be6 26. gxf5 Bxf5 27. Bxf5 gxf5 28.
Kh1 Rd8 29. Rg1+ Kh8 30. Bg5 Rf8 31. Qc3 Qe6 32. Qd2 Rf7 33. Rg2 Rg8 34. Qe3 f4 35.
Qg3 fxg3 0-1

[Event "*** Titled Tuesday Blitz"]
[Site "Chess.com"]
[Date "2020.05.26"]
[Round "1"]
[White "eljanov"]
[Black "keepitcool9499"]
[Result "1-0"]
[WhiteElo "2878"]
[BlackElo "2427"]
[TimeControl "180+1"]
[EndTime "10:07:42 PDT"]
[Termination "eljanov won on time"]

1. Nf3 Nf6 2. g3 e6 3. Bg2 d5 4.
O-O Be7 5. d4 O-O 6. c4 b6 7. cxd5 exd5 8. Nc3 Bb7 9. Bg5 Nbd7 10. Rc1 Rc8 11. Bh3 Ra8 12. Ne5 Nxe5 13. dxe5 Ne4 14.
Bxe7 Qxe7 15. Nxe4 dxe4 16. Qd7 Qxe5 17. Qxc7 Qxc7 18. Rxc7 Ba6 19. Rd1 Bxe2 20. Rdd7 Rad8 21. Rxa7 Rxd7 22. Bxd7 Rb8 23. a4 Kf8 24. b4 Bf3 25.
g4 Ke7 26. h4 Rd8 27. Bb5+ Kf6 28. g5+ Kg6 29. Kh2 f5 30. gxf6 gxf6 31. Kg3 f5 32.
Kf4 Kf6 33. a5 bxa5 34. bxa5 Rd2 35. Ra6+ Ke7 36. Ke3 Ra2 37. Bc4 Ra3+ 38. Kf4 Ra4 39. Bg8 h5 40. Kxf5 e3 41. fxe3 Rxh4 42. Ra7+ Kd6 43. a6 1-0

[Event "*** Titled Tuesday Blitz"]
[Site "Chess.com"]
[Date "2020.05.26"]
[Round "1"]
[White "savagemedusa"]
[Black "tvjosue"]
[Result "0-1"]
[WhiteElo "2249"]
[BlackElo "2591"]
[TimeControl "180+1"]
[EndTime "10:07:42 PDT"]
[Termination "tvjosue won by checkmate"]

1. d4 Nf6 2. c4 e6 3. Nf3 b6 4. g3 Ba6 5. Qc2 Bb4+ 6. Bd2 Be7 7. Bg2 Bb7 8. Nc3 d5 9. Ne5 O-O 10. O-O c6 11. e4 dxe4 12. Be3 Nbd7 13. Nxe4 Nxe5 14. dxe5 Nxe4 15. Bxe4 g6 16. Rad1 Qc7 17. Bh6 Rfd8 18. Qc3 Rac8 19. f4 Bc5+ 20. Kg2 Rxd1 21. Rxd1 Rd8 22. Rd3 Be7 23. h4 b5 24. cxb5 Rxd3 25.
Qxd3 cxb5 26. Bg5 Bxg5 27. hxg5 Kg7 28. Bxb7 Qxb7+ 29. Kf2 Qb6+ 30. Qe3 Qc7 31. Qc3 Qb6+ 32. Qe3 Qa6 33. a3 Qb7 34. Qf3 Qc7 35. Qc3 Qd7 36.
Ke3 Qd1 37. Qd2 Qg1+ 38. Qf2 Qc1+ 39. Qd2 Qb1 40. Kf2 a5 41. Ke3 Qg1+ 42. Qf2 Qd1 43. Qd2 Qb1 44. Qxa5 Qc1+ 45. Qd2 Qc5+ 46. Qd4 Qc6 47.
b4 Qc1+ 48. Qd2 Qxa3+ 49. Kf2 Qb3 50. Kg2 Qc4 51. Kh2 Qe4 52. Qc3 h5 53. Kh3 Qh1# 0-1

[Event "*** Titled Tuesday Blitz"]
[Site "Chess.com"]
[Date "2020.05.26"]
[Round "1"]
[White "Saloni1299"]
[Black "vaishali2001"]
[Result "0-1"]
[WhiteElo "2288"]
[BlackElo "2622"]
[TimeControl "180+1"]
[EndTime "10:07:43 PDT"]
[Termination "vaishali2001 won by resignation"]

1. e4 e5 2. Nf3 Nc6 3. Bb5 a6 4. Ba4 Nf6 5. O-O Be7 6. Re1 b5 7. Bb3 O-O 8. c3 d5 9. exd5 Nxd5 10. Nxe5 Nxe5 11. Rxe5 c6 12. d3 Bd6 13. Re1 Bf5 14. Be3 Qh4 15. g3 Qh3 16. Qf3 Bxd3 17. Bxd5 cxd5 18. Qxd5 Rad8 19. Qg2 Qf5 20. Nd2 Rfe8 21.
Bd4 b4 22. Qf3 Qb5 23. Qg4 Bf8 24. Nf3 Bf5 25. Qf4 Be6 26. Ne5 f6 27. Ng4 bxc3 28. Nxf6+ gxf6 29. Qxf6 Qf5 30. Qh8+ Kf7 31. Re5 Qg6 32.
Rh5 Rxd4 33. Qxd4 Qxh5 34. Qxc3 Qd5 35. Qc7+ Qd7 36. Qf4+ Kg8 37. Re1 Bg7 38. Re3 Bxa2 39. Kg2 Bd5+ 40. Kg1 Rxe3 41. Qxe3 Qc6 42. h4 Qe6 43. Qa7 Qe1+ 0-1

[Event "*** Titled Tuesday Blitz"]
[Site "Chess.com"]
[Date "2020.05.26"]
[Round "1"]
[White "Gerodot71"]
[Black "SGchess01"]
[Result "1/2-1/2"]
[WhiteElo "2418"]
[BlackElo "2764"]
[TimeControl "180+1"]
[EndTime "10:07:44 PDT"]
[Termination "Game drawn by repetition"]

1. d4 Nf6 2. c4 e6 3. Nf3 d5 4.
g3 Be7 5. Bg2 O-O 6. O-O dxc4 7.
Qc2 b5 8. a4 b4 9. Nfd2 Nd5 10.
Nxc4 c5 11. dxc5 Ba6 12. Rd1 Nd7 13. e4 N5f6 14. b3 Rc8 15. Bb2 Rxc5 16. Nbd2 Qc7 17. Rac1 h6 18. Qb1 Rc8 19. Ne3 Qb8 20. Bf1 Bxf1 21.
Kxf1 h5 22. h4 Qb7 23. Nec4 Nb6 24. Nxb6 Qxb6 25. Nc4 Qb7 26. f3 Ne8 27. Ke2 Qa6 28.
Qd3 Bf6 29. Bxf6 Nxf6 30. Nb2 Qc6 31. Rxc5 Qxc5 32. Qc4 Qf8 33. Qd4 Rc3 34. Rd3 Rc2+ 35. Rd2 Rxd2+ 36. Kxd2 Qb8 37. Qf2 Qe5 38. Nd3 Qc3+ 39.
Ke2 Qc2+ 40. Ke3 Qxb3 41. Qb2 Qxb2 42. Nxb2 Nd7 43. Kd4 Kf8 44. Kc4 Ne5+ 45. Kxb4 Nxf3 46. Kb5 g5 47. hxg5 Nxg5 48. Nd3 Nxe4 49. Nf4 Nxg3 50.
Ka6 e5 51. Ng2 Ke7 52. Kxa7 Kd6 53. Kb6 Ne2 54. a5 Nc3 55. Ne3 Na4+ 56. Kb5 Nc5 57. Nc4+ Kd5 58. Ne3+ Kd4 59. Nf5+ Kd5 60. Ne3+ Kd4 61.
Nf5+ Kd5 62. Ne3+ 1/2-1/2

[Event "*** Titled Tuesday Blitz"]
[Site "Chess.com"]
[Date "2020.05.26"]
[Round "1"]
[White "Onwgs"]
[Black "MikeSailer"]
[Result "0-1"]
[WhiteElo "2471"]
[BlackElo "2088"]
[TimeControl "180+1"]
[EndTime "10:07:45 PDT"]
[Termination "MikeSailer won by checkmate"]

1. e4 d5 2. exd5 Qxd5 3. Nc3 Qd6 4. d4 Nf6 5. Nf3 c6 6. Be2 Bg4 7. O-O e6 8. Ne5 Bxe2 9. Nxe2 Be7 10. Bf4 Qd8 11.
c4 Nbd7 12. Nc3 Nxe5 13. Bxe5 O-O 14. Re1 Bd6 15. Qf3 Bxe5 16. dxe5 Nd7 17. Rad1 Qc7 18. Qg3 Rad8 19. Re4 Nc5 20. Rxd8 Rxd8 21. Rg4 g6 22. h4 Rd3 23. Qf4 Nd7 24. Rg5 h6 25. Rg3 Qxe5 26. Qxh6 Rxg3 27. fxg3 Qd4+ 28. Kh1 Nf6 29. Qf4 Qd8 30. Kh2 Kg7 31. Qe5 Kg8 32. Ne2 Ng4+ 33. Kh3 Nxe5 34. Nf4 Qd4 35. Kh2 Qxc4 36. b3 Qc2 37.
Kh3 Qxa2 38. h5 Qxb3 39. hxg6 Nxg6 40. Nh5 Qc3 41. Kg4 Qd4+ 42. Kg5 Qe5+ 43. Kh6 Qh8+ 44. Kg5 Qxh5+ 45. Kxh5 a5 46. Kg5 a4 47. Kh6 a3 48.
g4 a2 49. Kg5 a1=Q 50. Kh6 Qh8+ 51. Kg5 Qh4# 0-1

[Event "*** Titled Tuesday Blitz"]
[Site "Chess.com"]
[Date "2020.05.26"]
[Round "1"]
[White "Feegus"]
[Black "HunterBRR"]
[Result "1-0"]
[WhiteElo "2470"]
[BlackElo "1951"]
[TimeControl "180+1"]
[EndTime "10:07:45 PDT"]
[Termination "Feegus won on time"]

1. Nf3 Nf6 2. g3 g6 3. Bg2 Bg7 4. O-O O-O 5. c4 d6 6. Nc3 Nc6 7. d4 Bf5 8. Bf4 Re8 9. d5 Na5 10. Nd2 c5 11. e4 Bd7 12. Rb1 b6 13. a3 Nb7 14. Be3 e6 15. f3 exd5 16. cxd5 b5 17. Kh1 a5 18. b4 axb4 19. axb4 Ng4 20. fxg4 Bxc3 21. bxc5 Nxc5 22. Qc2 b4 23. Nc4 Bb5 24. Qf2 Bxc4 25. Qxf7+ Kh8 26. Rf4 Rf8 27. Qxf8+ Qxf8 28. Rxf8+ Rxf8 29. Bf4 Be5 30. Bxe5+ dxe5 31. Rxb4 Bd3 32. h4 Ra8 33. g5 Ra1+ 34. Kh2 Ra2 35. Kh3 Re2 36. Bf3 Re3 37. Bg4 Bxe4 38. Rb5 Nd3 39. Be6 Bf5+ 40. Bxf5 gxf5 41. h5 Nf2+ 42. Kg2 Ne4 43.
h6 1-0